Map: Blueshift LE

Players

Lonk - Winner!

  • Race: Zerg Zerg
  • League: Diamond
  • Spawn Location: 1:00

Azorae

  • Race: Zerg Zerg
  • League: Diamond
  • Spawn Location: 7:00

VOD

Have the link to the VOD?

Description

Time

  • Played on: Aug. 22, 2018, 9:55 p.m.
  • Length: 12:36
Show
View Real Time Build Order
Export as new Build Order

Lonk Zerg - Winner!

Build Orders: Hatch First, Lurkers, Zergling Baneling 

Get SALT Encoding   

  12  0:02  Drone  
  13  0:13  Overlord  
  13  0:19  Drone  
  14  0:25  Overlord  
  14  0:37  Drone x2  
  16  0:51  Drone  
  17  1:03  Drone  
  17  1:04  Hatchery  
  17  1:05  Extractor  
  17  1:08  Drone  
  17  1:22  Spawning Pool  
  16  1:26  Drone  
  16  1:30  Drone  
  18  1:42  Drone  
  19  2:08  Metabolic Boost  
  19  2:10  Zergling x4  
  19  2:11  Queen  
  19  2:12  Zergling x2  
  24  2:17  Queen  
  24  2:20  Overlord  
  26  2:29  Drone, Baneling Nest  
  26  2:37  Zergling x4  
  26  2:38  Drone  
  29  2:51  Zergling x4  
  31  3:05  Zergling x2  
  31  3:06  Zergling x4  
  31  3:10  Drone  
  35  3:22  Baneling x2  
  35  3:23  Baneling x2  
  35  3:25  Zergling x10  
  40  3:29  Drone x3  
  43  3:46  Zergling x2  
  43  3:47  Overlord  
  39  4:11  Baneling x2  
  39  4:12  Baneling x3  
  39  4:16  Drone x5  
  39  4:17  Drone  
  42  4:22  Extractor  
  37  4:38  Zergling x12  
  40  4:46  Lair  
  39  4:57  Extractor, Zergling x2  
  39  4:58  Zergling x12  
  39  4:59  Extractor  
  44  5:19  Drone  
  44  5:20  Drone x3  
  46  5:46  Drone  
  46  5:47  Drone x5, Spire  
  46  5:48  Drone  
  52  6:01  Baneling  
  52  6:05  Overlord x3  
  51  6:26  Drone x2  
  51  6:27  Drone x4  
  51  6:28  Overlord  
  47  7:00  Mutalisk x8  
  63  7:16  Evolution Chamber  
  63  7:18  Evolution Chamber  
  63  7:21  Spine Crawler  
  60  7:28  Spine Crawler  
  59  7:33  Mutalisk x6  
  72  7:49  Hatchery  
  71  7:53  Drone x4  
  71  7:55  Hydralisk Den  
  74  8:07  Drone x4  
  78  8:23  Evolution Chamber  
  78  8:27  Lurker Den  
  78  8:28  Grooved Spines  
  78  8:32  Hydralisk  
  78  8:33  Hydralisk x2  
  83  8:45  Evolution Chamber  
  82  8:49  Spine Crawler  
  82  8:51  Spine Crawler  
  80  9:11  Zerg Missile Weapons Level 1  
  80  9:20  Queen  
  82  9:37  Hydralisk x5  
  90  9:39  Muscular Augments  
  90  9:40  Overlord x3  
  90  9:55  Extractor  
  90  9:57  Extractor  
  90  10:07  Drone x7  
  90  10:08  Drone, Overlord x2  
  93  10:51  Lurker x2  
  93  10:52  Lurker x6  
  93  10:54  Hydralisk x2  
  93  10:55  Hydralisk x4  
  93  10:56  Zergling x8  
  93  10:57  Zergling x14  
  124  11:30  Overlord x2  
  124  11:31  Overlord x2  
  124  11:47  Overlord  
  124  11:48  Overlord  
  124  11:50  Drone x5  
  124  11:51  Drone x4  
Show
View Real Time Build Order
Export as new Build Order

Azorae Zerg 

Build Orders: Hatch First, Zergling Baneling 

Get SALT Encoding   

  12  0:00  Drone  
  13  0:07  Drone  
  14  0:16  Overlord  
  14  0:23  Drone, Extractor  
  15  0:36  Drone x2  
  17  0:54  Drone  
  17  0:55  Hatchery  
  18  1:04  Drone  
  18  1:05  Extractor  
  17  1:14  Spawning Pool  
  17  1:17  Drone  
  17  1:20  Drone  
  18  1:31  Drone  
  19  1:42  Overlord  
  19  1:48  Drone  
  20  2:02  Queen  
  20  2:04  Zergling x2  
  20  2:07  Queen, Zergling x2  
  26  2:14  Drone  
  27  2:18  Drone  
  28  2:23  Metabolic Boost  
  28  2:28  Drone  
  29  2:33  Drone  
  29  2:34  Drone  
  31  2:48  Hatchery  
  31  2:50  Drone  
  31  2:53  Baneling Nest  
  31  2:54  Drone  
  31  2:57  Drone  
  32  3:07  Drone  
  32  3:08  Zergling x4  
  32  3:11  Drone  
  32  3:12  Overlord  
  36  3:18  Overlord  
  36  3:26  Roach Warren  
  35  3:37  Spine Crawler  
  34  3:47  Baneling x3  
  34  3:48  Zergling x16  
  39  3:49  Zergling x4  
  39  3:54  Baneling x5  
  44  3:56  Zergling x4  
  45  4:09  Zergling x2  
  46  4:10  Zergling x4  
  32  4:21  Drone x3  
  28  4:27  Roach x3  
  32  4:32  Overlord  
  27  4:46  Zergling x2  
  27  4:51  Drone x4  
  32  4:55  Queen  
  34  5:00  Drone  
  35  5:11  Drone x2  
  37  5:18  Drone  
  38  5:29  Drone x2  
  38  5:32  Queen  
  41  5:37  Roach  
  41  5:42  Drone x4  
  47  5:47  Drone  
  47  5:49  Zergling x2  
  48  6:04  Roach x2  
  48  6:09  Extractor  
  51  6:13  Roach x2  
  55  6:20  Roach  
  57  6:26  Zergling x4  
  57  6:27  Overlord  
  57  6:28  Overlord  
  58  6:34  Roach  
  60  6:49  Roach x4  
  60  6:52  Drone x3  
  60  6:53  Drone  
  72  6:55  Roach  
  72  6:58  Overlord  
  74  7:04  Roach  
  76  7:12  Hatchery, Overlord  
  75  7:17  Roach  
  77  7:25  Roach x3  
  83  7:34  Spore Crawler  
  78  7:37  Spore Crawler  
  78  7:39  Queen  
  81  7:48  Lair  
  81  7:49  Drone x4  
  81  7:50  Drone, Extractor  
  81  7:51  Overlord x2  
  83  8:08  Spore Crawler  
  78  8:22  Roach x5  
  78  8:23  Roach  
  90  8:30  Overlord x2  
  90  8:31  Overlord x2  
  90  8:38  Overlord  
  90  8:48  Queen  
  92  8:58  Spore Crawler, Glial Reconstitution  
  92  9:01  Spore Crawler  
  84  9:04  Hydralisk Den, Extractor  
  72  9:16  Drone x6  
  74  9:36  Hydralisk x5  
  84  9:40  Grooved Spines  
  84  9:42  Drone  
  85  9:46  Zergling x4  
  85  9:47  Zergling x2  
  85  9:51  Zergling x4  
  90  9:58  Drone x3  
  93  10:12  Hydralisk x3  
  99  10:15  Extractor  
  99  10:20  Zergling x2  
  99  10:21  Zergling x8  
  103  10:26  Hydralisk  
  105  10:31  Hydralisk  
  101  10:48  Spore Crawler  
  100  10:50  Hydralisk  
  100  10:51  Hydralisk  
  104  10:57  Overlord x3  
  99  11:15  Overseer  
  99  11:16  Hydralisk x2  
  99  11:17  Hydralisk x6  
  116  11:32  Drone  
  116  11:33  Drone x2  
  116  11:34  Hatchery  
  116  11:37  Drone  
  118  11:42  Drone x3  
  118  11:43  Extractor  
  120  11:47  Drone  
  120  11:48  Drone  
  120  11:49  Drone  
  120  11:50  Drone  
  124  12:08  Roach x2  
  128  12:11  Roach x3  
  128  12:12  Roach x3  
Tags
 
Add a new tag
Caveats
  • Supply blocks, unpowered buildings, or Contaminate may cause inaccurate times.
  • Supply counts are checked every 10 seconds.